Cogmind - Beta 14 @@@ ROGUE MODE // 2024.10.21 @ 09:20:40 Player: canerib Result: Destroyed by G-34 Mercenary with Small Laser Performance ------------- Evolutions (1) 500 Regions Visited (2) 400 Robots Destroyed (20) 100 Value Destroyed (586) 586 Prototype IDs (0) 0 Alien Tech Used (0) 0 Bonus (0) 0 TOTAL SCORE: 1586 Bonus ------- None Cogmind --------- Core Integrity 0/400 Matter 189/300 Energy 56/100 System Corruption 0% Temperature Cool (6) Movement Flying (34) Location -9/Materials Parts ------- > --- POWER (1) -------- (None) > --- PROPULSION (4) --- Flight Unit Flight Unit Flight Unit > --- UTILITY (2) ------ (None) > --- WEAPON (2) ------- (None) > --- INVENTORY (5) ---- Faulty Heavy Ion Engine Medium Storage Unit Structural Scanner Peak State ------------ > --- POWER ------------ Light Ion Engine > --- PROPULSION ------- Aluminum Leg Aluminum Leg Aluminum Leg Aluminum Leg > --- UTILITY ---------- Large Storage Unit Sensor Array > --- WEAPON ----------- Medium Laser Small Laser > --- INVENTORY -------- Flight Unit Flight Unit Flight Unit Flight Unit Flight Unit Flight Unit Medium Storage Unit Signal Interpreter Light Armor Plating Small Laser Mining Laser [Rating: 10] Favorites ----------- Power Light Ion Engine Engine Light Ion Engine Propulsion Aluminum Leg Leg Aluminum Leg Flight Unit Flight Unit Utility Sensor Array Device Sensor Array Storage Large Storage Unit Protection Medium Armor Plating Weapon Medium Laser Energy Gun Medium Laser Launcher Grenade Launcher Special Weapon Mining Laser Build | -11 -10 -9 ------- Run | Yrd Mat Mat Slots Evolved 2 | . . 2 Power . | . . . Propulsion 2 | . . 2 Utility . | . . . Weapon . | . . . Parts Attached 29 | 6 12 11 Power 3 | 1 2 . Engine 3 | 1 2 . Core . | . . . Reactor . | . . . Propulsion 12 | 2 4 6 Treads . | . . . Leg 9 | 2 4 3 Wheel . | . . . Hover . | . . . Flight 3 | . . 3 Utility 7 | 1 4 2 Device 2 | . 2 . Storage 3 | 1 2 . Processor . | . . . Hackware . | . . . Protection 2 | . . 2 Artifact . | . . . Weapon 7 | 2 2 3 Energy Gun 4 | 2 1 1 Energy Cannon . | . . . Ballistic Gun . | . . . Ballistic Cannon . | . . . Launcher 1 | . . 1 Special Weapon 2 | . 1 1 Impact Weapon . | . . . Slashing Weapon . | . . . Piercing Weapon . | . . . Special Melee Weapon . | . . . Unidentified Prototypes . | . . . Parts Lost 14 | . 3 11 Power 3 | . 2 1 Propulsion 5 | . . 5 Utility 2 | . 1 1 Weapon 4 | . . 4 Highest Loss Streak 7 | . 2 7 To Critical Strikes . | . . . Average Slot Usage (%) 86 | . 96 61 Engine 10 | . 13 2 Leg 24 | . 27 17 Device 11 | . 13 5 Storage 13 | . 14 11 Protection 1 | . . 4 Energy Gun 21 | . 25 10 Launcher 1 | . . 5 Special Weapon 1 | . . 4 Peak Build Rating 10 | 6 8 10 Average Rating 7 | 4 7 6 On Entrance 4 | . 6 8 Naked Turns . | . . . Heaviest Build 31 | 12 27 31 Greatest Support 40 | 20 20 40 Greatest Overweight (x) 10 | . 1 10 Average Overweight (x) . | . . 2 Largest Inventory Capacity 15 | 8 15 15 Average Capacity 12 | 7 11 14 Most Carried 13 | 5 13 12 Average Carried 9 | 2 10 10 Final Capacity 15 | 8 15 5 Final Carried 13 | 4 13 3 Class Distribution -------------------- 78% | Mutant 21% | Scavenger-Mutant Dominant Class ---------------- Mutant | -10/Materials Mutant | -9/Materials Resources | -11 -10 -9 ----------- Run | Yrd Mat Mat Matter Collected 409 | 206 169 34 Remotely . | . . . Salvage Created 663 | 31 318 314 Parts 39 | 5 24 10 Haulers Intercepted . | . . . Recyclers Shooed . | . . . Parts Field Recycled . | . . . Retrieved Matter . | . . . Parts Self-Destructed . | . . . Prevented . | . . . Kills | -11 -10 -9 ------- Run | Yrd Mat Mat Combat Hostiles Destroyed 14 | . 5 9 Guns 10 | . 5 5 AOE 4 | . . 4 Classes Destroyed 6 | 1 3 2 Worker 1 | . 1 . Tunneler 2 | 2 . . Watcher 3 | . 3 . Grunt 12 | . 5 7 Duelist 1 | . . 1 Sentry 1 | . . 1 Best Kill Streak 4 | 1 2 4 Combat Bots Only 4 | . 2 4 Max Kills in Single Turn 2 | 1 2 2 Gunslinging . | . . . Exploded 2 | . . 2 Melee . | . . . Uniques/NPCs Destroyed . | . . . Combat | -11 -10 -9 -------- Run | Yrd Mat Mat Hostile Shots Fired 169 | . 39 130 Missed 48 | . 10 38 Damage Taken 1594 | . 391 1203 Core 497 | . 90 407 Absorbed by Shields . | . . . Core Remaining (%) 82 | 100 64 . Volleys Fired 61 | 4 25 32 Largest 2 | 2 2 2 Hottest 100 | 100 100 90 Shots Fired 113 | 8 50 55 Gun 106 | 8 50 48 Cannon . | . . . Launcher 7 | . . 7 Special . | . . . Kinetic . | . . . Thermal 106 | 8 50 48 Explosive 7 | . . 7 Electromagnetic . | . . . Robot Hit Streak 20 | 5 8 20 Robot Miss Streak 4 | 1 4 3 Penetration Max . | . . . Secondary Targets 3 | . . 3 Max Gunslinging Chain 1 | . . 1 Shots Hit Robots 79 | 6 30 43 Core Hits 37 | 2 17 18 Critical Kills . | . . . Critical Parts Destroyed . | . . . Critical Strikes 3 | . 2 1 Burn 3 | . 2 1 Melee Attacks . | . . . Impact . | . . . Slashing . | . . . Piercing . | . . . Sneak Attacks . | . . . Combat Hostiles . | . . . Follow-up Attacks . | . . . Damage Inflicted 1292 | 75 386 831 Guns 918 | 75 386 457 Cannons . | . . . Explosions 374 | . . 374 Melee . | . . . Ramming . | . . . Kinetic . | . . . Thermal 918 | 75 386 457 Explosive 374 | . . 374 Electromagnetic . | . . . Impact . | . . . Slashing . | . . . Piercing . | . . . Highest Corruption . | . . . Average Corruption . | . . . Corruption Purged . | . . . Corruption Blocked . | . . . Overload Shots . | . . . Overflow Damage . | . . . Projectiles . | . . . Explosions . | . . . Melee . | . . . Knockbacks . | . . . Impact . | . . . Kinetic . | . . . Secondary . | . . . Self-Inflicted Damage 24 | . . 24 Shots 1 | . . 1 Rammed . | . . . Targets Rammed . | . . . Kicked . | . . . Crushed . | . . . Highest Temperature 199 | 117 199 50 Average Temperature 44 | 50 58 19 Received Heat Transfer 699 | . 195 504 Siege Activations . | . . . Robots Corrupted . | . . . Combat Hostiles . | . . . Parts Fried . | . . . Impact Corruptions . | . . . Robots Melted . | . . . Combat Hostiles . | . . . Parts Melted 3 | 1 1 1 Heat Transferred 2605 | 222 1236 1147 Parts Sabotaged . | . . . Parts Stolen . | . . . Parts Stripped . | . . . Power Chain Reactions . | . . . Alert | -11 -10 -9 ------- Run | Yrd Mat Mat Peak Influence 195 | 10 115 195 Initial 20 | . 6 20 Average 50 | 4 31 108 Maximum Alert Level . | . . . Low Security (%) 100 | 100 100 100 Level 1 . | . . . Level 2 . | . . . Level 3 . | . . . Level 4 . | . . . Level 5 . | . . . High Security . | . . . Max Security . | . . . Squads Dispatched 5 | . 3 2 Investigation 2 | . 1 1 Extermination . | . . . Reinforcement 3 | . 2 1 Assault . | . . . Garrison . | . . . Intercept . | . . . Searches Triggered . | . . . Construction Impeded . | . . . Haulers Reinforced . | . . . Active Scanning Responses . | . . . Cargo Convoy Interrupts . | . . . Stealth | -11 -10 -9 --------- Run | Yrd Mat Mat Distress Signals 4 | . 1 3 Communications Jammed . | . . . Distress Signals . | . . . Times Spotted 27 | . 13 14 Peak Tracking Total 7 | . 3 7 Tactical Retreats 1 | . . 1 Traps | -11 -10 -9 ------- Run | Yrd Mat Mat Traps Triggered 3 | . 3 . Indirectly . | . . . Trap Hack Attempts . | . . . Triggered . | . . . Disarmed . | . . . Reprogrammed . | . . . Reused . | . . . Traps Extracted . | . . . Installed . | . . . Triggered . | . . . Machines | -11 -10 -9 ---------- Run | Yrd Mat Mat Machines Disabled 1 | . . 1 Max in Single Turn 1 | . . 1 Machines Repaired . | . . . Machines Dismantled . | . . . Machines Sabotaged . | . . . Overloaded Fab Kills . | . . . Hacking | -11 -10 -9 --------- Run | Yrd Mat Mat Machines Accessed 3 | . 1 2 Terminals 3 | . 1 2 Fabricators . | . . . Repair Stations . | . . . Recycling Units . | . . . Scanalyzers . | . . . Garrison Access . | . . . Total Hacks 8 | . 2 6 Successful 2 | . 1 1 Failed 6 | . 1 5 Catastrophic 1 | . . 1 Database Lockouts . | . . . Manual 4 | . 1 3 Terminals 8 | . 2 6 Fabricators . | . . . Repair Stations . | . . . Recycling Units . | . . . Scanalyzers . | . . . Garrison Access . | . . . Terminal Hacks 2 | . 1 1 Emergency Access Points 1 | . 1 . Alert Level 1 | . . 1 Fabricator Hacks . | . . . Repair Station Hacks . | . . . Recycling Unit Hacks . | . . . Scanalyzer . | . . . Garrison Access Hacks . | . . . Unauthorized Hacks . | . . . Terminals . | . . . Fabricators . | . . . Repair Stations . | . . . Recycling Units . | . . . Scanalyzers . | . . . Garrison Access . | . . . Data Cores Recovered . | . . . Used . | . . . Hacking Detections 3 | . 1 2 Full Trace Events 1 | . . 1 Feedback Events . | . . . Feedback Blocked . | . . . Robot Schematics Acquired . | . . . Robots Built . | . . . Authchips . | . . . Time . | . . . Total Robot Build Rating . | . . . Part Schematics Acquired . | . . . Parts Built . | . . . Authchips . | . . . Time . | . . . Total Part Build Rating . | . . . Parts Repaired . | . . . Time . | . . . Parts Recycled . | . . . Recycled Matter . | . . . Retrieved Matter . | . . . Retrieved Components . | . . . Parts Scanalyzed . | . . . Part Schematics Acquired . | . . . Parts Damaged . | . . . Bothacking | -11 -10 -9 ------------ Run | Yrd Mat Mat Used RIF Installer . | . . . Robots Hacked . | . . . Non-combat . | . . . Combat . | . . . Robot Hacks Applied . | . . . Relay Couplers Released . | . . . Fabnet Peak Effective % . | . . . Robots Rewired . | . . . Allies Hacked . | . . . Hacks Repelled . | . . . Allies | -11 -10 -9 -------- Run | Yrd Mat Mat Total Allies . | . . . Largest Group . | . . . Highest-Rated Group . | . . . Highest-Rated Ally . | . . . Total Orders . | . . . Ally Attacks . | . . . Total Damage . | . . . Kills . | . . . Allies Corrupted . | . . . Allies Melted . | . . . Intel | -11 -10 -9 ------- Run | Yrd Mat Mat Robot Analysis Total . | . . . Derelict Logs Recovered . | . . . Drone Launches . | . . . Drone Recoveries . | . . . Exploration | -11 -10 -9 ------------- Run | Yrd Mat Mat Turns Passed 1487 | 88 997 402 Spaces Moved 783 | 59 602 122 Core 53 | 17 . 36 Treads . | . . . Legs 729 | 42 602 85 Wheels . | . . . Hover . | . . . Flight 1 | . . 1 Fastest Speed 34 | 50 120 34 Average Speed 153 | 99 141 236 Slowest Speed 550 | 120 190 550 Overloaded Moves . | . . . Propulsion Burnouts . | . . . Robots Hopped . | . . . Cave-ins Triggered . | . . . Exploration Rate (%) 31 | 4 72 17 Regions Visited 2 Branch Regions . Pre-discovered Areas . | . . . Known Exits Taken . | . . . Unknown Exits Taken 2 | 1 1 . Scrap Searched . | . . . Spaces Dug . | . . . Terrain Destroyed 34 | . . 34 Melee . | . . . Projectile . | . . . AOE 34 | . . 34 Terrain Rammed . | . . . Walls Destroyed . | . . . Machines Disabled . | . . . Actions | -11 -10 -9 --------- Run | Yrd Mat Mat Total 957 | 80 697 180 Wait 35 | . 26 9 Move 781 | 58 601 122 Hop . | . . . Pick Up 41 | 11 24 6 Fast Attach . | . . . Attach 22 | 6 6 10 Detach . | . . . Swap 7 | . 6 1 Drop 10 | 1 9 . Fire 61 | 4 25 32 Melee . | . . . Ram . | . . . Kick . | . . . Crush . | . . . Escape Stasis . | . . . Rewire . | . . . Trap . | . . . Miscellaneous . | . . . Route ------- -11/Scrapyard -10/Materials -9/Materials History --------- Turn | Location | Event 10 | -11/Scrapyard | Discovered new exit (range 16) 89 | -11/Scrapyard | Entered Materials 315 | -10/Materials | Build established: Mutant 1038 | -10/Materials | Discovered new exit (range 16) 1086 | -10/Materials | Entered another Materials area 1086 | -9/Materials | Evolved 2 slots: Propulsion x2 1224 | -9/Materials | Lost 3 parts (1p1n1w) 1244 | -9/Materials | Build established: Scavenger-Mutant 1277 | -9/Materials | Core integrity fell below 50% 1293 | -9/Materials | Core integrity fell below 20% 1319 | -9/Materials | Lost 7 parts (4n1u2w) 1484 | -9/Materials | Released all parts (3) 1488 | -9/Materials | Destroyed by G-34 Mercenary with Small Laser Last Messages --------------- 01368_ U-05 Engineer lays Concrete. 01370_ U-05 Engineer builds a Wall. 01370_ R-06 Scavenger inserts Heat Sink into recycling unit. 01371_ Recycling unit begins recycling process. 01372_ U-05 Engineer lays Concrete. 01373_ The unstable cave ceiling collapses. 01373_ U-05 Engineer lays Concrete. 01383_ The unstable cave ceiling collapses. 01414_ U-05 Engineer builds a Wall. 01415_ U-05 Engineer builds a Door. 01419_ U-05 Engineer builds a Wall. 01422_ U-05 Engineer lays Concrete. 01427_ U-05 Engineer builds a Wall. 01427_ U-05 Engineer lays Concrete. 01428_ U-05 Engineer builds a Wall. 01475_ Mining Laser destroyed. 01484_ Released Lrg. Storage Unit. 01484_ Released Grenade Launcher. 01484_ Released Med. Armor Plating. 01488_ Acquired Prototype Engine. Map ----- +----------------------------------------------------+ | ?????############ % # | | ?????# ## !""""" T | | ???? # ## ""T"" """"" # | | ???? # # """"" """"" # | | ???? #! """%+% # | | ???? #! " # # | | ???? # %# "############## | | ???? # % # %#????????????? | | ???? # / "+ ??????? | | ???# ### ###### ##### ""?????????? | | ???# # !# #????""?????????? | | ???# # # ###?????"?????????? | | ???# # #####?????????????????? | | ???# # "" # #???????????????????? | | ???# # "Y # #???????##??????????? | | ???# # "" ##### ?????????? | | ???# # # ?????????? | | ???# ###+#### ## ????????? | | ???# #????? ###?????????? | | ???# #??????????????????? | | ???# #??????????????????? | | ???# ### #??????????????????? | | ???# #?? #??????????????????? | | ???# #???#??????????????????? | | ???# ] #??????????????????????? | | ???# =!@#??????????????????????? | | ???# !=!!#??????????????????????? | | ???######=#??????????????????????? | | ????????# #??????????????????????? | | ????????# #??????????????????????? | | ????????# #??????????????????????? | | ????????#g#??????????????????????? | | ????????# #??????????????????????? | | ????????# #??????????????????????? | | ????????# #??????????????????????? | | ????????# #??????????????????????? | | ????????# #??????????????????????? | | ????????? ???????????????????????? | | ????????? ???????????????????????? | | ????????? ???????????????????????? | | ????????? ???????????????????????? | | ????????? ???????????????????????? | | ????????? ???????????????????????? | | ????????? ???????????????????????? | | ?????????????????????????????????? | | ?????????????????????????????????? | | ?????????????????????????????????? | | ?????????????????????????????????? | | ?????????????????????????????????? | | ?????????????????????????????????? | +----------------------------------------------------+ Best States ------------- Heat Dissipation 28 Energy Generation 10 Energy Capacity 125 Matter Stores 300 Matter Capacity 300 Sight Range 16 Robot Scan Range 14 Terrain Scan Density 10 Armor Coverage 225 Evasion (%) 55 Item Schematics ----------------- None Robot Schematics ------------------ None Fabricated ------------ Nothing Alien Tech Used ----------------- None Achievements -------------- None Challenges ------------ None Game ------ Seed ResetRagnarokCorpse Manual? 0 Play Time 00:15:21 Cumulative 21.1 hours Start 2024.10.21 @ 09:06:19 End 2024.10.21 @ 09:20:40 Sessions 1 Manual Loads 0 Difficulty Rogue Special Mode None Game No. 32 Rogue 32 Adventurer 0 Explorer 0 Win Type - Total 0 Types 0/0/0/0/0/0/0/0/0 Lore% 14 Gallery% 24 Achievement% 23 Wizard Run 0 Options --------- Layout 1 ASCII 1 Keyboard 0 Movement Numpad Keybinds 0 Fullscreen 1 Font 48/Smallcaps Map View 76x35 Zoom Use 0% Tactical HUD 1 Map Filters NONE Filters NONE Steam 1 RUN: 1fd4194f-1cc5-4485-a40a-15e2249deb0b